 Dungeon Crawl Stone Soup version 0.31.0-11-ge490571c62 (webtiles) character file.

Game seed: 8692896164604244903

254 Gadfly the Insei (level 5, -2/26 (41) HPs)
             Began as a Demonspawn Monk on Feb 2, 2024.
             Slain by Edmund
             ... wielding a +3 dire flail of draining
              (6 damage)
             ... on level 4 of the Dungeon.
             The game lasted 00:04:12 (2888 turns).

Gadfly the Insei (Demonspawn Monk)                  Turns: 2888, Time: 00:04:12

HP:   -2/26 (41)    AC: 12    Str: 14    XL:     5   Next: 90%
MP:   5/5           EV: 13    Int: 10    God:
Gold: 164           SH:  0    Dex: 21    Spells: 4/4 levels left

rFire   . .          .
                       - Unarmed
rCold   + . .        c - orb {light}
rNeg    . . .        k - +3 leather armour
rPois   .            (helmet restricted)
rElec   .            (no cloak)
rCorr   .            (no gloves)
SInv    .            (no boots)
Will    .....        (no amulet)
Stlth   +            h - +6 ring of dexterity
HPRegen 0.24/turn    (no ring)
MPRegen 0.09/turn

%: no passive effects
@: sanguine armoured, glowing, very heavily drained
A: sanguine armour 1, antennae 1, cold resistance 1, high MP 1
a: no special abilities


You were on level 4 of the Dungeon.
You visited 1 branch of the dungeon, and saw 4 of its levels.

You collected 164 gold pieces.

Inventory:

Hand Weapons
 l - a +1 dagger of holy wrath
Armour
 a - a +0 robe
 c - an orb of light (worn)
 k - a +3 leather armour (worn)
Jewellery
 h - a +6 ring of dexterity (left hand)
 n - a ring of magical power
Talismans
 d - a talisman of death
 e - a blade talisman
 g - a flux talisman
Potions
 f - 2 potions of mutation
 i - a potion of brilliance {unknown}
 j - a potion of enlightenment
 m - a potion of lignification {unknown}


   Skills:
 - Level 3.0 Fighting
 + Level 3.4 Dodging
 * Level 3.9 Unarmed Combat
 * Level 2.9 Evocations
 * Level 2.2 Shapeshifting


You had 4 spell levels left.
You didn't know any spells.
Your spell library contained the following spells:

 Spells                   Type           Power      Damage    Failure   Level
 Jinxbite                 Hex            0%         N/A       58%         2
 Yara's Violent Unravell  Hex/Alch       0%         3d3       100%        5
 Enfeeble                 Hex            0%         N/A       100%        7


Dungeon Overview and Level Annotations

Branches:
Dungeon (4/15)
 Temple: D:4-7

Altars:
Wu Jian
Xom
Yredelemnul

Annotations:
D:4 Edmund


Innate Abilities, Weirdness & Mutations

When seriously injured, your blood forms armour. (AC +6)
You have a pair of small antennae on your head.
Your flesh is cold resistant. (rC+)
You have an increased reservoir of magic. (+10% MP)


Message History

Edmund misses you.
You hit Edmund.
Edmund is severely wounded.
Edmund closely misses you.
You hit Edmund but do no damage.
Edmund is severely wounded.
Edmund hits you with a +3 dire flail of draining.
* * * LOW HITPOINT WARNING * * *
You feel drained.
* * * LOW HITPOINT WARNING * * *
You are confused.
You feel invigorated. Edmund barely misses you.
Edmund says, "You wouldn't believe how much I paid for this flail."
Edmund barely misses you.
You closely miss Edmund.
Edmund is severely wounded.
Edmund hits you with a +3 dire flail of draining.
You feel drained.
You bump into the rock wall.
Your blood armour dries and flakes away.
Edmund barely misses you.
You hit Edmund.
Edmund is severely wounded.
Edmund completely misses you.
You hit Edmund but do no damage.
Edmund is severely wounded.
Edmund hits you with a +3 dire flail of draining!
You feel drained.
You're too confused to move!
Edmund hits you with a +3 dire flail of draining!
Your blood congeals into armour.
You feel drained.
You feel less invigorated.
You feel less confused.
Edmund hits you with a +3 dire flail of draining!
* * * LOW HITPOINT WARNING * * *
You feel drained.
* * * LOW HITPOINT WARNING * * *
Edmund hits you with a +3 dire flail of draining.
You die...
Edmund whines, "They better pay attention to me now!"

##..######..# #.#
##..### #..###.##
.........#.......#
.........'.......#
.........#....:..+
##..###.##..###..#
#' #..###..## .
........@.# .
.........@.#
............#
............#
##.#....##
########


You could see Edmund.

Vanquished Creatures
  2 bombardier beetles
  An orc priest (D:3)
  Jessica (D:2)
  An iguana (D:4)
  2 adders (D:2)
  A dart slug (D:1)
  A ribbon worm (D:2)
  6 orcs (D:3)
  9 ball pythons
  2 bats
  7 endoplasms
  A giant cockroach (D:1)
  14 goblins
  5 hobgoblins
  7 jackals
  5 kobolds
  5 quokkas
  4 frilled lizards
  4 rats
78 creatures vanquished.

Notes
Turn   | Place    | Note
-------+----------+-------------------------------------------
     0 | D:1      | Gadfly the Demonspawn Monk began the quest for the Orb.
     0 | D:1      | Reached XP level 1. HP: 18/18 MP: 1/1
    91 | D:1      | Gained mutation: When seriously injured, your blood forms
                  | armour. (AC +6) [demonic ancestry]
    91 | D:1      | Reached XP level 2. HP: 10/24 MP: 2/2
   280 | D:1      | Reached skill level 1 in Evocations
   478 | D:1      | Reached skill level 1 in Shapeshifting
   559 | D:1      | Reached XP level 3. HP: 16/29 MP: 3/3
   876 | D:1      | Gained mutation: You have a pair of small antennae on your
                  | head. [potion of mutation]
   876 | D:1      | Gained mutation: You have an increased reservoir of magic.
                  | (+10% MP) [potion of mutation]
   876 | D:1      | Gained mutation: Your flesh is cold resistant. (rC+)
                  | [potion of mutation]
  1051 | D:2      | Noticed Jessica
  1057 | D:2      | Killed Jessica
  1058 | D:2      | Reached XP level 4. HP: 21/35 MP: 4/4
  1244 | D:2      | Found a basalt altar of Yredelemnul.
  1499 | D:2      | HP: 1/35 [burnt (6)]
  1504 | D:2      | HP: 1/35 [burnt (5)]
  1811 | D:3      | Reached XP level 5. HP: 26/41 MP: 5/5
  2062 | D:3      | Found an ornate altar of the Wu Jian Council.
  2087 | D:3      | Found a shimmering altar of Xom.
  2860 | D:4      | Noticed Edmund
  2888 | D:4      | Slain by Edmund

Illustrated notes

Levels and vault maps discovered:
D:1:      orjb1_lava_funnel, layout_loops_cross, minmay_heptomino_l4
D:2:      layout_basic, basic_altar, uniq_jessica
D:3:      kennysheep_the_goblin_king, layout_rooms,
          mainiacjoe_overflow_catwalk_spiral, minmay_misc_feat_more_columns
D:4:      layout_gridville, uniq_edmund, uniq_blork_the_orc

Skill      XL: |  1  2  3  4  5 |
---------------+----------------+-----
Evocations     | 1 2 |  2.9
Unarmed Combat | 3 |  3.9
Shapeshifting  | 1 2 |  2.2
Dodging        | 3 |  3.4
Fighting       | |  3.0

Action                     |  1- 3 |  4- 6 || total
---------------------------+-------+-------++-------
  Melee: Unarmed           |   109 |   184 ||   293
    Use: Scroll            |     2 |     5 ||     7
         Potion            |     1 |     4 ||     5
 Armour: Robe              |    59 |    76 ||   135
         Leather armour    |       |    15 ||    15
  Dodge: Dodged            |    75 |   134 ||   209
